Map: [ESL] Moondance

Players

Krystianer - Winner!

  • Race: Protoss Protoss
  • Spawn Location: 6:00

Gerald

  • Race: Protoss Protoss
  • Spawn Location: 12:00

Event: DreamHack SC2 Masters 2022 Atlanta (Online)

VOD

Have the link to the VOD?

Description

Time

  • Played on: Oct. 12, 2022, 12:54 p.m.
  • Length: 15:48

All games in this series

Show
View Real Time Build Order
Export as new Build Order

Krystianer Protoss - Winner!

Build Orders:  

Get SALT Encoding   

  12  0:00  Probe  
  13  0:12  Probe  
  14  0:17  Pylon  
  14  0:24  Probe (Chrono Boost)  
  15  0:36  Gateway, Probe (Chrono Boost)  
  16  0:44  Probe (Chrono Boost)  
  16  0:45  Assimilator  
  17  0:50  Probe  
  17  0:56  Assimilator  
  18  1:03  Probe (Chrono Boost)  
  19  1:08  Gateway  
  19  1:12  Probe (Chrono Boost)  
  19  1:17  Probe (Chrono Boost)  
  20  1:24  Cybernetics Core  
  21  1:29  Probe  
  22  1:35  Pylon  
  22  1:41  Probe  
  23  1:53  Probe  
  24  1:58  Warp Gate (Chrono Boost)  
  24  2:00  Adept x2  
  29  2:10  Shield Battery  
  28  2:16  Pylon  
  28  2:18  Probe  
  29  2:30  Adept  
  29  2:34  Adept  
  33  2:52  Nexus  
  35  3:16  Probe  
  29  3:27  Twilight Council  
  29  3:28  Probe  
  30  3:40  Probe  
  31  3:45  Stalker x2  
  35  3:52  Probe  
  36  4:04  Probe x2  
  36  4:08  Stalker x2  
  42  4:10  Blink (Chrono Boost)  
  42  4:22  Probe (Chrono Boost)  
  42  4:24  Probe (Chrono Boost)  
  43  4:31  Stalker  
  43  4:32  Probe  
  44  4:40  Stalker  
  44  4:43  Probe  
  46  4:46  Probe  
  47  4:55  Probe (Chrono Boost)  
  45  5:03  Probe (Chrono Boost)  
  45  5:06  Stalker  
  45  5:07  Probe (Chrono Boost)  
  46  5:10  Stalker  
  46  5:12  Probe x2 (Chrono Boost)  
  50  5:22  Probe  
  50  5:23  Probe  
  50  5:25  Pylon  
  52  5:34  Probe  
  52  5:35  Probe  
  54  5:40  Robotics Facility  
  54  5:43  Stalker x2  
  54  5:46  Probe  
  59  5:51  Pylon  
  60  5:58  Probe  
  60  6:01  Gateway  
  60  6:04  Gateway  
  60  6:08  Stalker  
  62  6:13  Probe  
  62  6:15  Stalker  
  62  6:17  Probe  
  66  6:19  Pylon  
  66  6:27  Observer (Chrono Boost)  
  66  6:29  Probe  
  68  6:33  Stalker, Pylon  
  68  6:37  Probe  
  68  6:39  Stalker  
  73  6:41  Probe  
  72  6:52  Nexus  
  73  6:54  Probe  
  73  6:56  Stalker  
  73  6:57  Assimilator  
  73  7:00  Stalker  
  77  7:04  Probe  
  77  7:05  Stalker  
  77  7:06  Probe  
  81  7:14  Observer  
  81  7:16  Probe  
  81  7:17  Stalker  
  81  7:19  Probe  
  81  7:23  Stalker  
  81  7:24  Observer (Chrono Boost)  
  81  7:31  Pylon  
  78  7:49  Probe x2  
  76  7:54  Pylon  
  76  8:04  Probe (Chrono Boost), Stalker x2  
  84  8:05  Probe (Chrono Boost)  
  84  8:06  Probe (Chrono Boost)  
  84  8:10  Forge  
  84  8:11  Observer  
  84  8:14  Probe (Chrono Boost)  
  84  8:16  Probe (Chrono Boost), Pylon  
  84  8:19  Probe (Chrono Boost)  
  87  8:21  Probe (Chrono Boost), Pylon  
  87  8:23  Stalker  
  87  8:26  Probe  
  92  8:28  Stalker  
  92  8:31  Stalker  
  92  8:33  Probe  
  96  8:35  Protoss Ground Weapons Level 1  
  96  8:37  Stalker  
  100  8:41  Probe (Chrono Boost)  
  100  8:45  Charge  
  100  8:48  Probe (Chrono Boost)  
  101  8:51  Probe (Chrono Boost)  
  102  8:56  Probe x2 (Chrono Boost)  
  102  8:59  Probe (Chrono Boost)  
  102  9:02  Probe  
  104  9:03  Observer, Probe  
  104  9:08  Pylon  
  107  9:13  Nexus  
  107  9:15  Probe  
  108  9:18  Gateway x2, Probe  
  109  9:26  Probe  
  109  9:28  Probe  
  109  9:30  Probe  
  112  9:33  Stalker x3  
  112  9:38  Probe, Pylon  
  119  9:40  Probe  
  119  9:42  Photon Cannon  
  121  9:51  Gateway  
  121  9:52  Photon Cannon  
  118  9:54  Gateway  
  118  9:56  Photon Cannon  
  118  10:01  Warp Prism (Chrono Boost)  
  120  10:07  Zealot x2  
  120  10:08  Probe  
  120  10:11  Probe  
  124  10:15  Zealot  
  124  10:16  Zealot  
  124  10:18  Zealot x2  
  128  10:29  Pylon  
  128  10:31  Zealot x2  
  128  10:32  Probe  
  133  10:39  Zealot x4  
  141  10:44  Probe  
  141  10:45  Protoss Ground Weapons Level 2  
  141  10:48  Probe  
  143  10:56  Zealot x3  
  143  10:57  Zealot, Probe  
  149  11:01  Zealot x3  
  140  11:04  Probe  
  140  11:09  Stalker  
  140  11:10  Probe  
  138  11:12  Probe  
  138  11:18  Zealot x4  
  139  11:20  Probe  
  139  11:21  Probe  
  139  11:25  Zealot x3  
  137  11:32  Gateway x2  
  129  11:33  Observer  
  129  11:35  Stalker  
  129  11:40  Zealot x3  
  135  11:48  Stargate  
  135  11:50  Probe, Stargate  
  135  11:51  Nexus, Probe  
  135  11:52  Pylon  
  137  11:58  Shield Battery  
  137  12:00  Probe  
  137  12:01  Stalker x5  
  142  12:05  Observer (Chrono Boost)  
  142  12:07  Probe  
  142  12:08  Probe, Pylon  
  150  12:10  Zealot, Pylon  
  150  12:11  Probe  
  149  12:26  Zealot x5  
  149  12:27  Zealot x4  
  151  12:40  Stalker  
  145  12:46  Observer (Chrono Boost)  
  145  12:49  Stalker x9  
  162  13:03  Phoenix x2 (Chrono Boost)  
  162  13:04  Warp Prism (Chrono Boost)  
  168  13:07  Probe, Assimilator  
  168  13:11  Assimilator  
  167  13:16  Shield Battery  
  167  13:17  Photon Cannon  
  159  13:22  Protoss Ground Armor Level 1  
  159  13:24  Zealot x10  
  177  13:29  Phoenix x2 (Chrono Boost)  
  175  13:40  Probe  
  167  13:41  Probe  
  167  13:45  Phoenix x2 (Chrono Boost)  
  167  13:49  Zealot x6  
  167  13:50  Zealot x4  
  181  14:09  Zealot x3  
  159  14:10  Zealot x7  
  146  14:18  Observer  
  146  14:23  Observer (Chrono Boost)  
  137  14:31  Stalker x8  
  121  14:32  Zealot  
  121  14:33  Zealot  
  139  14:40  Probe  
  139  14:45  Gateway  
  138  14:48  Gateway  
  134  14:55  Zealot x10  
  134  14:59  Phoenix x2  
  148  15:10  Observer  
  138  15:15  Stalker x3  
  138  15:16  Stalker x4  
  138  15:18  Zealot x2  
  138  15:19  Zealot  
  154  15:25  Observer (Chrono Boost)  
  138  15:43  Zealot x10  
  138  15:44  Zealot x2  
Show
View Real Time Build Order
Export as new Build Order

Gerald Protoss 

Build Orders: Oracle Opening 

Get SALT Encoding   

  12  0:00  Probe  
  13  0:12  Probe  
  14  0:17  Pylon  
  14  0:24  Probe (Chrono Boost)  
  16  0:36  Gateway, Probe (Chrono Boost)  
  16  0:42  Probe (Chrono Boost)  
  16  0:45  Assimilator  
  17  0:51  Probe  
  17  0:54  Assimilator  
  18  1:03  Probe (Chrono Boost)  
  19  1:10  Gateway  
  20  1:12  Probe (Chrono Boost)  
  20  1:17  Probe (Chrono Boost)  
  20  1:25  Cybernetics Core  
  21  1:29  Probe  
  22  1:34  Pylon  
  22  1:41  Probe  
  23  1:53  Probe  
  24  2:02  Stalker x2  
  24  2:05  Probe  
  24  2:07  Warp Gate  
  29  2:15  Pylon  
  29  2:17  Probe  
  30  2:29  Probe  
  31  2:33  Adept x2  
  34  2:43  Stargate  
  35  2:47  Shield Battery  
  35  2:48  Probe  
  35  2:53  Shield Battery  
  35  3:11  Probe  
  31  3:23  Probe  
  32  3:29  Oracle (Chrono Boost)  
  32  3:30  Nexus  
  35  3:39  Probe  
  33  3:51  Shield Battery, Probe  
  34  3:59  Oracle  
  36  4:03  Probe  
  36  4:07  Twilight Council  
  37  4:15  Probe  
  38  4:27  Probe  
  39  4:34  Pylon  
  37  4:40  Probe (Chrono Boost)  
  37  4:43  Probe (Chrono Boost)  
  37  4:45  Shield Battery  
  37  4:49  Gateway  
  37  4:51  Probe (Chrono Boost)  
  37  4:54  Probe (Chrono Boost)  
  37  4:57  Probe (Chrono Boost)  
  37  4:59  Probe (Chrono Boost)  
  38  5:00  Blink (Chrono Boost)  
  38  5:04  Stalker  
  38  5:05  Probe  
  42  5:10  Probe  
  43  5:18  Dark Shrine  
  43  5:21  Probe  
  44  5:22  Probe  
  44  5:33  Probe  
  44  5:34  Stalker  
  44  5:35  Probe  
  48  5:41  Stalker  
  50  5:45  Probe  
  50  5:46  Gateway  
  51  5:52  Probe  
  52  6:01  Probe  
  54  6:04  Probe  
  54  6:13  Probe  
  54  6:16  Nexus  
  54  6:17  Probe  
  53  6:28  Probe  
  53  6:29  Probe, Pylon  
  55  6:33  Assimilator  
  54  6:48  Dark Templar x3, Probe x2  
  62  6:58  Assimilator  
  62  7:00  Robotics Facility, Probe x2  
  62  7:12  Probe x2  
  60  7:24  Dark Templar, Probe x2  
  60  7:28  Stalker  
  66  7:30  Stalker  
  66  7:36  Gateway x2, Probe x2  
  70  7:39  Gateway  
  66  7:48  Probe x2  
  69  7:54  Stalker x2  
  70  8:00  Probe x3  
  70  8:04  Stalker  
  73  8:06  Immortal (Chrono Boost)  
  73  8:08  Shield Battery  
  73  8:12  Probe  
  78  8:14  Assimilator  
  78  8:15  Robotics Facility, Pylon  
  78  8:17  Shield Battery  
  78  8:20  Stalker  
  78  8:21  Stalker  
  78  8:22  Pylon  
  82  8:31  Stalker  
  84  8:35  Pylon  
  84  8:37  Pylon  
  84  8:38  Forge  
  84  8:43  Robotics Bay  
  84  8:45  Probe  
  84  8:55  Stalker x3  
  87  8:59  Immortal (Chrono Boost)  
  93  9:03  Protoss Ground Weapons Level 1 (Chrono Boost)  
  93  9:06  Pylon  
  93  9:11  Stalker x2  
  97  9:37  Disruptor (Chrono Boost)  
  103  9:39  Disruptor (Chrono Boost), Pylon  
  103  9:40  Stalker  
  105  9:51  Pylon  
  105  9:58  Probe  
  105  9:59  Photon Cannon  
  106  10:03  Disruptor (Chrono Boost)  
  106  10:05  Disruptor (Chrono Boost)  
  106  10:06  Probe  
  112  10:11  Shield Battery  
  108  10:20  Probe  
  109  10:24  Nexus  
  109  10:25  Pylon  
  109  10:28  Probe  
  109  10:32  Dark Templar x2, Stalker  
  109  10:35  Observer (Chrono Boost)  
  117  10:36  Archon  
  117  10:37  Stalker x2  
  100  11:06  Stalker x6  
  100  11:08  Disruptor  
  108  11:24  Disruptor  
  111  11:30  Stalker  
  111  11:31  Stalker x2  
  113  11:39  Stalker  
  110  11:40  Zealot, Stalker  
  110  11:45  Shield Battery, Pylon  
  114  11:50  Gateway, Photon Cannon  
  114  11:51  Photon Cannon  
  114  11:52  Pylon  
  114  11:54  Pylon  
  114  12:10  Disruptor x2  
  114  12:13  Gateway  
  117  12:30  Stalker x5  
  117  12:33  Observer  
  120  12:46  Disruptor x2  
  120  12:48  Nexus  
  120  12:49  Photon Cannon  
  120  12:50  Photon Cannon  
  126  12:53  Shield Battery  
  126  12:54  Shield Battery  
  126  12:56  Pylon  
  126  12:59  Pylon  
  126  13:02  Pylon  
  126  13:03  Stalker x4  
  126  13:04  Stalker x2  
  138  13:06  Probe  
  138  13:08  Probe  
  140  13:17  Nexus  
  132  13:25  Disruptor  
  133  13:39  Observer  
  130  13:42  Probe  
  131  13:52  Nexus  
  129  13:56  Gateway  
  129  13:58  Dark Templar x3  
  129  14:00  Disruptor  
  124  14:15  Dark Templar  
  96  14:25  Stalker x3  
  96  14:26  Stalker  
  91  14:32  Nexus  
  91  14:39  Disruptor  
  91  14:41  Nexus  
  91  14:43  Photon Cannon  
  91  14:45  Archon, Photon Cannon  
  91  14:53  Zealot x3  
  82  15:01  Stalker x2  
  80  15:07  Stalker  
  71  15:15  Dark Templar  
  71  15:16  Dark Templar  
  69  15:27  Stalker x2  
Tags
 
Add a new tag
Caveats
  • Supply blocks, unpowered buildings, or Contaminate may cause inaccurate times.
  • Supply counts are checked every 10 seconds.